 Dungeon Crawl Stone Soup version 0.26-a0-651-gb41185065b (webtiles) character file.

Game seed: 12155775492096762259

165558 Flugslaktarn the Brawler (level 17, -5/180 HPs)
             Began as a Troll Fighter on Oct 27, 2020.
             Was the Champion of Ru.
             Slain by a salamander
             ... wielding a +0 halberd
              (22 damage)
             ... on level 4 of the Snake Pit.
             The game lasted 00:15:55 (23032 turns).

Flugslaktarn the Brawler (Troll Fighter)           Turns: 23032, Time: 00:15:56

Health: -5/180     AC: 13    Str: 28    XL:     17   Next: 28%
Magic:  12/16      EV: 19    Int:  4    God:    Ru [******]
Gold:   2073       SH: 16    Dex: 14    Spells: 16/16 levels left

rFire    x . .     SeeInvis .     - Unarmed
rCold    x . .     Faith    .   b - +0 kite shield
rNeg     . . .     Spirit   .   u - +0 troll leather armour
rPois    +         Reflect  +   R - +2 hat
rElec    .         Harm     .   A - +2 cloak {rCorr}
rCorr    +         Rampage  .   (gloves unavailable)
MR       +....                  (boots unavailable)
Stlth    ..........             i - amulet of reflection
HPRegen  1.20/turn              o - ring of poison resistance
MPRegen  0.15/turn              v - +4 ring of evasion

@: lethally poisoned (-5 -> -5), exhausted, lightly drained
A: large, unfitting armour, claws 3, regeneration 1, shaggy fur 1, tough skin 3,
no stealth, no air magic, no conjurations magic, no hexes magic, inexperienced
1, temperature sensitive
a: Draw Out Power, Power Leap, Apocalypse, Renounce Religion


You were on level 4 of the Snake Pit.
You worshipped Ru.
Ru was exalted by your worship.
You visited 5 branches of the dungeon, and saw 28 of its levels.
You also visited: Ice Cave.

You collected 3053 gold pieces.
You spent 980 gold pieces at shops.

Inventory:

Missiles
 c - 3 throwing nets (quivered)
Armour
 b - a +0 kite shield (worn)
 m - a +1 robe of magic resistance
   (You found it on level 6 of the Dungeon)
 u - a +0 troll leather armour (worn)
   (You found it on level 7 of the Dungeon)
 A - a +2 cloak of preservation (worn)
   (You took it off Maurice on level 8 of the Dungeon)
 M - a +2 robe of resistance
   (You took it off an orc wizard on level 2 of the Orcish Mines)
 R - a +2 hat (worn)
   (You found it on level 3 of the Snake Pit)
Jewellery
 f - an uncursed ring of protection from fire
   (You took it off a naga sharpshooter on level 2 of the Snake Pit)
 i - an amulet of reflection (around neck)
   (You found it on level 2 of the Dungeon)
 o - a ring of poison resistance (left claw)
   (You found it on level 6 of the Lair of Beasts)
 v - a +4 ring of evasion (right claw)
   (You acquired it on level 14 of the Dungeon)
 G - a +6 ring of dexterity
   (You found it on level 10 of the Dungeon)
 I - an uncursed ring of positive energy
   (You found it on level 12 of the Dungeon)
Wands
 a - a wand of iceblast (20)
   (You found it on level 7 of the Dungeon)
 g - a wand of digging (6)
   (You found it on level 13 of the Dungeon)
 k - a wand of enslavement (5)
   (You found it on level 6 of the Lair of Beasts)
 K - a wand of acid (14)
   (You found it on level 3 of the Lair of Beasts)
 Q - a wand of paralysis (34)
   (You found it on level 13 of the Dungeon)
Scrolls
 e - 3 scrolls of fog
 j - a scroll of immolation
 l - 4 scrolls of magic mapping
 p - 4 scrolls of holy word
 r - 13 scrolls of identify
 t - 8 scrolls of teleportation
 x - 20 scrolls of remove curse
 y - a scroll of vulnerability
 z - 2 scrolls of blinking
 D - 4 scrolls of fear
 H - 6 scrolls of silence
 J - 6 scrolls of enchant armour
 P - a scroll of torment {unknown}
Potions
 d - 5 potions of might
 h - 3 potions of haste
 n - a potion of resistance
 q - 13 potions of curing
 s - 3 potions of cancellation
 w - 2 potions of heal wounds
 B - a potion of magic
 C - 3 potions of ambrosia
 E - 2 potions of lignification
 N - 4 potions of flight
 O - a potion of mutation
Miscellaneous
 F - a condenser vane (1/2)
   (You found it on level 15 of the Dungeon)


   Skills:
 + Level 14.2(13.5) Fighting
 - Level 11.0(10.3) Dodging
 - Level 9.0(8.3) Shields
 + Level 18.1(17.3) Unarmed Combat
 - Level 6.0(5.4) Evocations


You had 16 spell levels left.
You didn't know any spells.
Your spell library was empty.

Dungeon Overview and Level Annotations

Branches:
Dungeon (15/15)            Temple (1/1) D:6            Lair (6/6) D:8
 Shoals (0/4) Lair:4        Snake (4/4) Lair:4        Slime (0/5) Lair:5
    Orc (2/2) D:11            Elf (0/3) Orc:2        Vaults (0/5) D:14
 Depths (0/5) D:15          IceCv (visited)

Altars:
Ashenzari
Cheibriados
Dithmenos
Elyvilon
Fedhas
Gozag
Hepliaklqana
Kikubaaqudgha
Makhleb
Nemelex Xobeh
Okawaru
Qazlal
Ru
Sif Muna
Trog
Uskayaw
Vehumet
Wu Jian
Xom
Yredelemnul
Zin
The Shining One

Shops:
D:5 :   D:10 (   D:11 ([   D:15 [   Orc:2 ?!}*

Annotations:
D:7 1 exclusion
D:11 1 runed translucent door, Flugslaktarn's ghost, journeyman TrFi
D:12 3 runed translucent doors
D:15 1 exclusion
Lair:3 3 runed translucent doors, Hykosis's ghost, journeyman MiFi
Lair:5 1 runed translucent door, Qeorph's ghost, journeyman FoAK


Innate Abilities, Weirdness & Mutations

You are too large for most types of armour.
You have claws for hands.
Your natural rate of healing is unusually fast.
You are covered in fur. (AC +1)
You have extremely tough skin. (AC +3)
You cannot be stealthy.
You cannot study or cast Air magic.
You cannot study or cast Conjurations magic.
You cannot study or cast Hexes magic.
You are somewhat inexperienced. (-2 XL)
You are sensitive to extremes of temperature. (rF-, rC-)


Message History

You are engulfed in flames!!
The fire burns you terribly!
* * * LOW HITPOINT WARNING * * *
The nagaraja is engulfed in blazing flames.
The nagaraja spits poison at you. The splash of poison hits you. You resist.
* * * LOW HITPOINT WARNING * * *
You feel much better. You block the salamander's attack.
The nagaraja is engulfed in blazing flames.
The salamander misses you. You block the salamander's attack.
The nagaraja is engulfed in blazing flames.
The salamander hits you from afar with a +0 halberd!
* * * LOW HITPOINT WARNING * * *
You are engulfed in flames!!
The fire burns you terribly!
* * * LOW HITPOINT WARNING * * *
You feel sick.
The salamander hits you from afar with a +0 halberd.
* * * LOW HITPOINT WARNING * * *
You are engulfed in flames!!
The fire burns you terribly!
You die...

#.# .#........## # #.#
..§○§.....##.......... ##.##
##.§☼§................
....###
#..§○§†...............
......####§.§§§......
..(.....# ...N...N.§§....N.##
#.......# .)N.N.(..§§.N†.N.#
#.......# ..(....)########.#
#.......# N).....## #@#
##<....... .......# #.#
#........# .).....##
#.#+###.......## ........#
#†)..........## #......!#
##............#
##.....)#######).....###....#
##....)†.....).....## #...#
##................# #..#
##........#.....## ...#


You could see 2 salamanders.

Vanquished Creatures
  Agnes (Snake:1)
  3 nagarajas
  2 dire elephants (Lair:5)
  2 fire dragons
  A yaktaur captain (D:15)
  Harold (D:8)
  6 hydras
  9 naga warriors
  A vault guard (D:14)
  3 catoblepae (Lair:6)
  9 anacondas
  4 centaur warriors
  14 death yaks
  4 two-headed ogres
  An orc high priest (Orc:2)
  7 naga sharpshooters
  3 salamander mystics (Snake:4)
  7 shock serpents
  4 unseen horrors (D:14)
  4 naga ritualists
  A lindwurm (Lair:6)
  3 ugly things
  4 deep elf magi
  6 orc sorcerers (Orc:2)
  6 mana vipers
  4 orc knights
  6 manticores
  3 cyclopes
  6 salamanders
  14 elephants
  Maurice (D:8)
  5 guardian serpents
  15 naga magi
  37 black mambas
  3 gargoyles
  5 cane toads
  Psyche (D:8)
  2 centaur skeletons (D:15)
  5 rime drakes
  A yaktaur (D:15)
  A komodo dragon (shapeshifter) (D:14)
  2 ice devils (Lair:3)
  A redback zombie (D:14)
  2 komodo dragons
  5 trolls
  4 polar bears (IceCv)
  A hippogriff (shapeshifter) (D:14)
  7 hippogriffs
  4 blink frogs
  6 slime creatures
  Sigmund (D:3)
  2 shadows
  A steam dragon (D:15)
  5 wraiths
  3 wyverns
  69 yaks
  6 basilisks
  A warg (Orc:2)
  40 nagas
  6 water moccasins
  6 porcupines
  4 ice beasts
  A hornet zombie (D:14)
  3 sky beasts
  22 orc warriors
  2 boggarts (D:14)
  A black bear (D:11)
  3 phantoms
  13 ogres
  15 wolves
  9 centaurs
  14 crocodiles
  2 big kobolds
  17 bullfrogs
  3 wyvern skeletons
  7 scorpions
  6 killer bees
  11 wights
  2 electric eels (Lair:1)
  2 howler monkeys (D:7)
  5 centaur zombies
  3 jellies
  A quasit (D:5)
  10 hounds
  27 orc priests
  3 iguanas
  Terence (D:2)
  37 orc wizards
  9 worker ants
  A hound zombie (D:7)
  3 gnolls (D:6)
  5 adders
  3 shadow imps
  8 white imps
  5 oozes
  2 worms
  2 dart slugs (D:2)
  4 leopard geckos
  62 orcs
  6 giant cockroaches
  5 goblins
  6 hobgoblins
  8 jackals
  17 kobolds
  6 quokkas
  3 ball pythons
  7 bats
  5 frilled lizards
  A jackal zombie (D:8)
  A quokka zombie (D:8)
  12 rats
792 creatures vanquished.

Vanquished Creatures (others)
  An ice dragon (D:14)
  A hydra (D:11)
  A cyclops (D:14)
  An elephant (Lair:4)
  2 blink frogs
  A yak (Lair:3)
  A vampire mosquito (D:14)
  A naga (Snake:4)
  An orc warrior (Orc:2)
  2 crocodiles
  4 orc wizards (Orc:2)
  An orc (D:10)
  A kobold (D:8)
  2 bushes
  12 fungi
  29 plants
61 creatures vanquished.

Grand Total: 853 creatures vanquished

Notes
Turn   | Place    | Note
-------+----------+-------------------------------------------
     0 | D:1      | Flugslaktarn the Troll Fighter began the quest for the Orb.
     0 | D:1      | Reached XP level 1. HP: 22/22 MP: 0/0
    61 | D:1      | Reached XP level 2. HP: 28/29 MP: 1/1
   191 | D:1      | Reached skill level 3 in Unarmed Combat
   559 | D:2      | Reached XP level 3. HP: 36/36 MP: 2/2
   683 | D:2      | Noticed Terence
   688 | D:2      | Killed Terence
   709 | D:2      | Reached XP level 4. HP: 45/45 MP: 3/3
   768 | D:2      | Reached skill level 4 in Unarmed Combat
  1035 | D:3      | Noticed a centaur
  1038 | D:3      | Killed a centaur
  1038 | D:3      | Reached XP level 5. HP: 51/53 MP: 4/4
  1309 | D:3      | Noticed Sigmund
  1316 | D:3      | Killed Sigmund
  1316 | D:3      | Reached skill level 5 in Unarmed Combat
  1316 | D:3      | Reached XP level 6. HP: 46/61 MP: 5/5
  2067 | D:4      | Reached XP level 7. HP: 62/68 MP: 6/6
  2536 | D:5      | Entered Level 5 of the Dungeon
  2766 | D:5      | Found Zesur's Book Shoppe.
  3030 | D:5      | Reached skill level 6 in Unarmed Combat
  3440 | D:6      | Reached XP level 8. HP: 79/79 MP: 7/7
  3564 | D:6      | Reached skill level 7 in Unarmed Combat
  3702 | D:6      | Noticed a two-headed ogre
  3709 | D:6      | Killed a two-headed ogre
  3709 | D:6      | Reached skill level 5 in Fighting
  3709 | D:6      | Reached skill level 8 in Unarmed Combat
  3709 | D:6      | Reached XP level 9. HP: 60/88 MP: 8/8
  3960 | D:6      | Found a staircase to the Ecumenical Temple.
  4005 | Temple   | Entered the Ecumenical Temple
  4173 | Temple   | Became a worshipper of Ru the Awakened
  4208 | D:6      | Reached skill level 5 in Dodging
  4214 | D:6      | Reached skill level 5 in Shields
  4457 | D:7      | Noticed a troll
  4467 | D:7      | Killed a troll
  4569 | D:7      | Reached skill level 9 in Unarmed Combat
  4784 | D:7      | Found an iron altar of Okawaru.
  5072 | D:7      | Gained mutation: You are sensitive to extremes of
                  | temperature. (rF-, rC-) [Ru sacrifice]
  5072 | D:7      | Reached * piety under Ru
  5072 | D:7      | Reached ** piety under Ru
  5508 | D:8      | Reached XP level 10. HP: 98/98 MP: 9/9
  5538 | D:8      | Noticed Psyche
  5540 | D:8      | Noticed a two-headed ogre
  5547 | D:8      | Killed Psyche
  5551 | D:8      | Killed a two-headed ogre
  5551 | D:8      | Reached skill level 10 in Unarmed Combat
  5806 | D:8      | Found a sparkling altar of Nemelex Xobeh.
  5880 | D:8      | Noticed Harold
  5889 | D:8      | Killed Harold
  6149 | D:8      | Found a staircase to the Lair.
  6179 | D:8      | Noticed Maurice
  6206 | D:8      | Killed Maurice
  6516 | D:9      | Reached XP level 11. HP: 102/105 MP: 10/10
  6604 | D:9      | Reached skill level 1 in Evocations
  6633 | D:9      | Found a hazy altar of Hepliaklqana.
  6809 | D:9      | Gained mutation: You are somewhat inexperienced. (-2 XL)
                  | [Ru sacrifice]
  6809 | D:9      | Reached XP level 10. HP: 100/100 MP: 9/9
  6809 | D:9      | Reached XP level 9. HP: 91/91 MP: 8/8
  6809 | D:9      | Reached *** piety under Ru
  6809 | D:9      | Reached **** piety under Ru
  6809 | D:9      | Reached ***** piety under Ru
  6888 | D:9      | Found a stormy altar of Qazlal.
  7180 | D:10     | Entered Level 10 of the Dungeon
  7220 | D:10     | Noticed a gargoyle
  7236 | D:10     | Killed a gargoyle
  7497 | D:10     | Noticed a troll
  7511 | D:10     | Killed a troll
  7617 | D:10     | Found Fiasch's Antique Weapon Shop.
  7708 | D:10     | Reached XP level 10. HP: 85/100 MP: 9/9
  7851 | D:11     | Noticed a two-headed ogre
  7869 | D:11     | Killed a two-headed ogre
  7916 | D:11     | Found Beeguwke's Armour Shoppe.
  7917 | D:11     | Found a staircase to the Orcish Mines.
  7920 | D:11     | Found Quxow's Weapon Shoppe.
  7920 | D:11     | Noticed an orc knight
  7932 | D:11     | Killed an orc knight
  8064 | D:11     | Noticed a four-headed hydra
  8072 | D:11     | Noticed a two-headed ogre
  8073 | D:11     | Killed a four-headed hydra
  8088 | D:11     | Killed a two-headed ogre
  8151 | D:11     | Gained mutation: You cannot study or cast Air magic. [Ru
                  | sacrifice]
  8151 | D:11     | Gained mutation: You cannot study or cast Hexes magic. [Ru
                  | sacrifice]
  8151 | D:11     | Gained mutation: You cannot study or cast Conjurations
                  | magic. [Ru sacrifice]
  8288 | D:11     | Found a runed translucent door.
  8293 | D:11     | Noticed Flugslaktarn's ghost (journeyman TrFi)
  8436 | D:12     | Noticed a white ugly thing
  8446 | D:12     | Killed a white ugly thing
  8446 | D:12     | Reached skill level 11 in Unarmed Combat
  8511 | D:12     | Noticed a cyclops
  8525 | D:12     | Reached XP level 11. HP: 86/109 MP: 10/10
  8594 | D:12     | Noticed a deep elf mage
  8609 | D:12     | Killed a deep elf mage
  8902 | D:12     | Noticed a brown ugly thing
  8909 | D:12     | Killed a brown ugly thing
  8952 | D:12     | Found a runed translucent gate.
  8953 | D:12     | Found a runed translucent gate.
  8953 | D:12     | Found a runed translucent gate.
  8954 | D:12     | Noticed a white ugly thing
  8955 | D:12     | Noticed a white ugly thing
  8955 | D:12     | Noticed a purple ugly thing
  8955 | D:12     | Noticed a green very ugly thing
  9423 | D:12     | Identified a scroll of acquirement
  9449 | D:12     | Acquired 467 gold pieces
  9528 | D:13     | Noticed a four-headed hydra
  9540 | D:13     | Killed a nine-headed hydra
  9625 | D:13     | Found the +3 pair of gauntlets of War {Slay+5}
  9695 | D:13     | Noticed a seven-headed hydra
  9702 | D:13     | Killed a ten-headed hydra
  9980 | D:13     | Noticed a death yak
  9980 | D:13     | Noticed a death yak
  9980 | D:13     | Noticed a death yak
 10022 | D:13     | Killed a death yak
 10031 | D:13     | Killed a death yak
 10053 | D:13     | Reached skill level 5 in Evocations
 10073 | D:13     | Killed a death yak
 10073 | D:13     | Reached skill level 12 in Unarmed Combat
 10073 | D:13     | Reached XP level 12. HP: 71/122 MP: 11/11
 10285 | D:14     | Gained mutation: You cannot be stealthy. [Ru sacrifice]
 10285 | D:14     | Reached ****** piety under Ru
 10324 | D:14     | Noticed a six-headed hydra
 10325 | D:14     | Noticed a centaur warrior
 10333 | D:14     | Killed a six-headed hydra
 10334 | D:14     | Noticed a vault guard
 10358 | D:14     | Killed a centaur warrior
 10370 | D:14     | Killed a vault guard
 10445 | D:14     | Found a gate to the Vaults.
 10715 | D:14     | Noticed a centaur warrior
 10725 | D:14     | Killed a centaur warrior
 10780 | D:14     | Noticed a fire dragon
 10782 | D:14     | Found the +8 storm bow {elec, penet}
 10783 | D:14     | Noticed an ice dragon
 10783 | D:14     | Noticed a centaur warrior
 10787 | D:14     | Reached skill level 13 in Unarmed Combat
 10920 | D:14     | Killed a fire dragon
 10920 | D:14     | Reached skill level 10 in Fighting
 10937 | D:14     | Killed a centaur warrior
 10938 | D:14     | Killed an ice dragon
 10938 | D:14     | Reached XP level 13. HP: 69/133 MP: 3/12
 11079 | D:14     | Found a shimmering altar of Xom.
 11237 | D:14     | Found a shimmering altar of Xom.
 11237 | D:14     | Found a shimmering altar of Xom.
 11238 | D:14     | Found a shimmering altar of Xom.
 11238 | D:14     | Found a shimmering altar of Xom.
 11506 | D:14     | Acquired a +4 ring of evasion
 11561 | D:15     | Entered Level 15 of the Dungeon
 11596 | D:15     | Found Ecvubogg's Antique Armour Shop.
 11638 | D:15     | Noticed a fire dragon
 11647 | D:15     | Killed a fire dragon
 12024 | D:15     | Reached skill level 14 in Unarmed Combat
 12028 | D:15     | Found a staircase to the Depths.
 12392 | Lair:1   | Entered Level 1 of the Lair of Beasts
 13303 | Lair:2   | Got a smoking robe
 13314 | Lair:2   | Identified the +1 robe "Coirgh" {Dex+2} (You found it on
                  | level 2 of the Lair of Beasts)
 13920 | Lair:3   | Found a frozen archway.
 14132 | IceCv    | Entered an ice cave
 14292 | Lair:3   | Noticed Hykosis's ghost (journeyman MiFi)
 14328 | Lair:3   | Found a runed translucent gate.
 14329 | Lair:3   | Found a runed translucent gate.
 14401 | Lair:3   | Found a runed translucent gate.
 14887 | Lair:4   | Reached XP level 14. HP: 146/146 MP: 13/13
 15147 | Lair:4   | Found a staircase to the Shoals.
 15314 | Lair:4   | Found a staircase to the Snake Pit.
 15592 | Lair:5   | Found a staircase to the Slime Pits.
 16146 | Lair:5   | Found a runed translucent door.
 16147 | Lair:5   | Noticed Qeorph's ghost (journeyman FoAK)
 16218 | Lair:5   | Reached skill level 15 in Unarmed Combat
 16624 | Lair:6   | Entered Level 6 of the Lair of Beasts
 17121 | Lair:6   | Reached skill level 10 in Dodging
 17871 | Orc:1    | Entered Level 1 of the Orcish Mines
 18034 | Orc:2    | Entered Level 2 of the Orcish Mines
 18046 | Orc:2    | Paralysed by an orc sorcerer for 3 turns
 18264 | Orc:2    | Reached XP level 15. HP: 158/158 MP: 14/14
 18385 | Orc:2    | Found Raryitet's General Store.
 18385 | Orc:2    | Found Boim's Distillery.
 18397 | Orc:2    | Found Reedocei's Magic Scroll Shop.
 18403 | Orc:2    | Found Ynlis's Gadget Boutique.
 18838 | Orc:2    | Found a staircase to the Elven Halls.
 19278 | Orc:2    | Bought a potion of haste for 140 gold pieces
 19278 | Orc:2    | Bought a potion of resistance for 140 gold pieces
 19278 | Orc:2    | Bought a potion of experience for 700 gold pieces
 19278 | Orc:2    | Reached skill level 16 in Unarmed Combat
 19278 | Orc:2    | Reached XP level 16. HP: 167/167 MP: 15/15
 19470 | Snake:1  | Entered Level 1 of the Snake Pit
 19811 | Snake:1  | Noticed Agnes
 19821 | Snake:1  | Killed Agnes
 20805 | Snake:2  | Reached skill level 17 in Unarmed Combat
 22266 | Snake:3  | Reached XP level 17. HP: 129/179 MP: 16/16
 22766 | Snake:4  | Entered Level 4 of the Snake Pit
 22985 | Snake:4  | Reached skill level 18 in Unarmed Combat
 23032 | Snake:4  | Slain by a salamander

Illustrated notes

Levels and vault maps discovered:
D:1:      minmay_arrival_diagonal_passages, layout_rooms,
          minmay_misc_feat_more_columns
D:2:      layout_rooms, uniq_terence
D:3:      layout_loops_ring, uniq_sigmund
D:4:      layout_loops_corners, chequers_serial_rivers_micro_b,
          chequers_serial_rivers_small_3
D:5:      layout_gridville, serial_shops, nicolae_shop_behind_doors
D:6:      layout_cave_pools, minmay_temple_entry_hall
D:7:      layout_basic, kennysheep_okawaru_gauntlet
D:8:      layout_loops_corners, lair_entry_dummy, nemelex_dance_club_becter,
          uniq_psyche, uniq_maurice, uniq_harold
D:9:      layout_roguey, lemuel_doored_altar, nicolae_qazlal_eye_of_the_storm
D:10:     layout_loops_cross, serial_shops, nicolae_shop_behind_doors,
          grunt_decor_mini_mirrors
D:11:     layout_cave_pools, orc_david_3, ebering_ghost_reflecting_pool,
          kb_lookout_dungeons_type
D:12:     layout_long_grid, ploomutoo_gammafunk_ghost_potion_laboratory,
          serial_bayou_crossing
D:13:     argonaut_augean_stables, layout_rooms, skrybe_limestone_x
D:14:     minmay_the_grid_triangle_9x9_rhombus_thin_mashed
          [minmay_the_grid_triangle_9x9_alien,
          minmay_the_grid_triangle_9x9_prize_insulated,
          minmay_the_grid_triangle_9x9_windchime,
          minmay_the_grid_triangle_9x9_longest], layout_stronghold,
          david_vaults_5, xom_shifter_show
D:15:     grunt_enter_depths_snipers, layout_cave_pools, serial_shops,
          nicolae_shop_temple_entry_statues_fountains, serial_bayou_pond_e,
          tgw_sif
Temple:   roderic_octagonal_lattice_temple
Lair:1:   layout_gridlike, serial_bayou_shore_a, lemuel_fruit_tree
Lair:2:   layout_misc_corridors, minivault_26
Lair:3:   layout_chaotic_city, gammafunk_ghost_icy,
          portal_ice_cave_demonic_guard
Lair:4:   layout_gridlike, shoals_dummy_entry, dummy_snake_entry,
          infiniplex_staircase_pool, grunt_megastairs_4
Lair:5:   beast_lair_carwin_large_1, layout_cave_pods,
          nicolae_slime_entry_slimehenge, ebering_ghost_inner_flame,
          st_stairs_7, nicolae_lair_grove_arrangements
Lair:6:   evilmike_catoblepas_cave, layout_regular_city
Snake:1:  layout_misc_corridors, uniq_agnes
Snake:2:  layout_rooms
Snake:3:  layout_basic
Snake:4:  johnstein_snake_rune_scales, layout_cave_town, grunt_megastairs_3
Orc:1:    layout_caves, basic_altar, minmay_orc_keep
Orc:2:    st_orc_mages, layout_caves, rock_pile

Skill      XL: |  1  2  3  4  5  6  7  8  9 10 11 12 13 14 15 16 17 |
---------------+----------------------------------------------------+-----
Unarmed Combat | 3 4 5 6 8 9 11 12 13 14 15 16 17 18 | 18.1
Fighting       | 3 4 5 6 7 8 10 11 12 13 14 | 14.2
Dodging        | 3 4 5 7 8 10 11 | 11.0
Shields        | 3 4 5 9 |  9.0
Evocations     | 2 3 5 6 |  6.0

Action                   |  1- 3 |  4- 6 |  7- 9 | 10-12 | 13-15 | 16-18 || total
-------------------------+-------+-------+-------+-------+-------+-------++-------
Melee: Unarmed           |   102 |    84 |   403 |   699 |   926 |   485 ||  2699
Invok: Draw Out Power    |       |       |     1 |     1 |     2 |     2 ||     6
       Sacrifice Experie |       |       |     1 |       |       |       ||     1
       Sacrifice Resista |       |       |     1 |       |       |       ||     1
       Sacrifice Arcana  |       |       |       |     1 |       |       ||     1
       Apocalypse        |       |       |       |     5 |     5 |     6 ||    16
       Sacrifice Stealth |       |       |       |     1 |       |       ||     1
Evoke: Wand              |       |       |       |       |     1 |       ||     1
       Condenser vane    |       |       |       |       |       |     2 ||     2
  Use: Scroll            |       |       |       |    28 |     2 |       ||    30
       Potion            |       |       |       |       |     1 |     5 ||     6
 Stab: Sleeping          |       |     1 |     1 |       |       |       ||     2
       Invisible         |       |       |       |     6 |     5 |     9 ||    20
       Paralysed         |       |       |       |     2 |    10 |    11 ||    23
       Distracted        |       |       |       |       |     3 |     3 ||     6
       Petrifying        |       |       |       |       |     1 |       ||     1
       Petrified         |       |       |       |       |     1 |       ||     1
Armor: Robe              |    33 |    16 |    39 |       |       |       ||    88
       Troll leather arm |       |       |    26 |   109 |   130 |    54 ||   319
       Skin              |       |       |       |     1 |       |       ||     1
Dodge: Dodged            |    26 |    20 |    89 |   180 |   370 |   223 ||   908
Block: Kite shield       |    51 |    47 |   252 |   415 |   611 |   391 ||  1767
       Reflection        |     1 |     4 |     9 |    25 |    15 |    62 ||   116

Table legend: (Time is in decaauts)
 A = Elapsed time spent in this place.
 B = Non-inter-level travel time spent in this place.
 C = Inter-level travel time spent in this place.
 D = Time resting spent in this place.
 E = Time spent auto-exploring this place.
 F = Levels seen in this place.
 G = Mean time per level.
                   A        B        C        D        E       F      G
               +--------+--------+--------+--------+--------+-----+--------+
         Total |  22564 |  21220 |   1344 |   1100 |  15618 |  29 |  778.1 |
       Dungeon |  12200 |  11381 |    819 |    240 |   8754 |  15 |  813.3 |
        Temple |    192 |    162 |     30 |      0 |    160 |   1 |  192.0 |
          Lair |   5335 |   5034 |    301 |     97 |   4099 |   6 |  889.2 |
     Snake Pit |   3367 |   3271 |     96 |    625 |   1754 |   4 |  841.8 |
  Orcish Mines |   1398 |   1301 |     97 |    138 |    836 |   2 |  699.0 |
      Ice Cave |     70 |     70 |      0 |      0 |     15 |   1 |   70.0 |
               +--------+--------+--------+--------+--------+-----+--------+

Top non-repeatable levels by time:
 Snake:3: 1425 daAuts
    D:14: 1296 daAuts
 Snake:1: 1146 daAuts
   Orc:2: 1064 daAuts
     D:7: 1059 daAuts
  Lair:5: 1056 daAuts
  Lair:6: 1048 daAuts
     D:8: 1014 daAuts
    D:12: 1001 daAuts
     D:4: 927 daAuts
  Lair:4: 891 daAuts
     D:5: 885 daAuts
    D:13: 808 daAuts
     D:6: 804 daAuts
  Lair:3: 793 daAuts
